 Dungeon Crawl Stone Soup version 0.22.1-1-ga44c0e56f4 (webtiles) character file.

12965 Morrissey the Basher (level 11, -1/156 (157) HPs)
             Began as a Minotaur Berserker on Nov 7, 2018.
             Was a High Priest of Trog.
             Succumbed to Sonja's poison
             ... on level 11 of the Dungeon.
             The game lasted 00:11:08 (6931 turns).

Morrissey the Basher (Minotaur Berserker)           Turns: 6931, Time: 00:11:09

HP:   -1/156 (157)  AC: 21    Str: 27    XL:     11   Next: 69%
MP:   10/10         EV: 15    Int: 12    God:    Trog [*****.]
Gold: 720           SH:  0    Dex: 18    Spells: 10/10 levels left

rFire    . . .     SeeInvis +   a - +2 flail (drain)
rCold    . . .     Gourm    .   (no shield)
rNeg     + . .     Faith    .   I - +3 chain mail of Life {*Contam Int+3 SInv}
rPois    .         Spirit   .   F - +2 hat {SInv}
rElec    .         Reflect  .   j - +0 cloak
rCorr    .         Harm     .   (no gloves)
MR       .....                  (no boots)
Stlth    ..........             (no amulet)
HPRegen  0.36/turn              e - ring of positive energy
MPRegen  0.12/turn              t - +2 ring of protection

@: brilliant, agile, berserking (expiring), lethally poisoned (-1 -> -54),
flying, hasted and slowed
A: retaliatory headbutt, horns 2
a: Berserk, Trog's Hand, Brothers in Arms, Renounce Religion


You were on level 11 of the Dungeon.
You worshipped Trog.
Trog was extremely pleased with you.
You were not hungry.

You visited 1 branch of the dungeon, and saw 11 of its levels.

You collected 720 gold pieces.

Inventory:

Hand Weapons
 a - a +2 flail of draining (weapon)
Armour
 d - a +0 plate armour
 j - a +0 cloak (worn)
 F - a +2 hat of see invisible (worn)
 I - the +3 chain mail of Life (worn) {*Contam Int+3 SInv}
   (You found it on level 10 of the Dungeon)

   It affects your intelligence (+3).
   It lets you see invisible.
   It causes magical contamination when unequipped.
Jewellery
 e - a ring of positive energy (left hand)
 m - an uncursed ring of flight
 t - a +2 ring of protection (right hand)
 z - an uncursed ring of ice
 E - an uncursed ring of protection from cold
 K - an uncursed ring of resist corrosion
Wands
 h - a wand of polymorph (20)
 v - a wand of digging (17)
 D - a wand of flame (42)
 H - a wand of random effects (24)
Scrolls
 f - 9 scrolls of identify {unknown}
 l - 7 scrolls of teleportation {unknown}
 n - 3 scrolls of fear {unknown}
 o - 2 scrolls of remove curse {unknown}
 p - 3 scrolls of enchant weapon {unknown}
 r - 4 scrolls of magic mapping {unknown}
 s - 2 scrolls of fog {unknown}
 y - a scroll of enchant armour {unknown}
 A - a scroll of acquirement {unknown}
 G - a scroll of brand weapon {unknown}
 J - a scroll of summoning
 L - a scroll of amnesia {unknown}
 M - a scroll of immolation {unknown}
Potions
 b - 2 potions of flight
 i - a potion of invisibility {unknown}
 k - a potion of agility
 q - a potion of degeneration {unknown}
 u - 2 potions of brilliance
 w - a potion of berserk rage
 x - 2 potions of curing {unknown}
 B - a potion of cancellation {unknown}
 C - 3 potions of haste
 N - a potion of mutation {unknown}
 O - a potion of resistance {unknown}
Comestibles
 c - 22 rations
 g - 3 chunks of flesh


   Skills:
 + Level 12.6 Fighting
 - Level 14.1 Maces & Flails
 + Level 12.3 Armour
 - Level 2.1 Dodging


You had 10 spell levels left.
You didn't know any spells.
Your spell library was empty.

Dungeon Overview and Level Annotations

Branches:
Dungeon (11/15)            Temple (0/1) D:6            Lair (0/6) D:11
    Orc (0/2) D:10

Altars:
Ashenzari
Cheibriados
Dithmenos
Elyvilon
Gozag
Vehumet
Xom


Innate Abilities, Weirdness & Mutations

You reflexively headbutt those who attack you in melee.
You have a pair of horns on your head.


Message History

* * * LOW HITPOINT WARNING * * *
You feel very sick. Sonja hits you but does no damage.
You are more poisoned.
Sonja hits you but does no damage. x2
You are more poisoned.
You bludgeon Sonja!!
You feel the power of Trog in you as your rage grows.
You kill Sonja!
Trog accepts your kill.
Trog appreciates your killing of a magic user.
* * * LOW HITPOINT WARNING * * *
You feel very sick.
You are too berserk!
* * * LOW HITPOINT WARNING * * *
You feel very sick.
You feel a strong urge to attack something.
* * * LOW HITPOINT WARNING * * *
You feel very sick.
You die...

.#
#.#..##..##..##...#.........#
##
..................#.##.#####.
..#...#..###......#. #.# ##
(......#.####>.#.... >.# #
#.###...............#### #
#....###.....## #....#
#.###.# . ...##.## #)#(# #..#
#.# .. #@(#.....# .# #. (..
#.##.....# ## # #... #..
.....# .# #.. #.......## ..
######K## ## .# .#


There were no monsters in sight!

Vanquished Creatures
  Gastronok (D:9)
  A hydra (D:11)
  3 two-headed ogres
  Sonja (D:11)
  An unseen horror (D:11)
  3 hornets (D:9)
  3 hippogriffs
  8 yaks
  A vampire (D:8)
  Grum (D:8)
  2 basilisks (D:11)
  A soldier ant (D:9)
  A water moccasin (D:10)
  An ice beast (D:7)
  3 sky beasts
  An orc warrior (D:8)
  2 black bears
  5 ogres
  2 phantoms
  2 wolves (D:8)
  2 necrophages
  9 bullfrogs
  A gnoll sergeant (D:8)
  A wyvern zombie (D:9)
  A wyvern skeleton (D:9)
  3 scorpions
  7 killer bees (D:9)
  2 howler monkeys
  A bullfrog zombie (D:7)
  3 crimson imps
  A quasit (D:10)
  A centaur zombie (D:6)
  3 jellies
  5 bullfrog skeletons
  7 hounds
  3 orc priests
  6 orc wizards
  2 centaur skeletons
  Terence (D:2)
  13 worker ants
  A hound zombie (D:11)
  2 hound skeletons
  4 worker ant zombies
  5 gnolls (D:8)
  17 adders
  4 shadow imps
  An ooze (D:2)
  An adder zombie (D:9)
  An adder skeleton (D:4)
  3 worms
  5 leopard geckos
  35 orcs
  3 bats
  7 giant cockroaches
  10 goblins
  8 hobgoblins
  6 jackals
  6 kobolds
  5 quokkas
  2 frilled lizards
  9 rats
  2 fungi (D:5)
252 creatures vanquished.

Vanquished Creatures (others)
  A rat (D:1)
1 creature vanquished.

Grand Total: 253 creatures vanquished

Notes
Turn   | Place    | Note
-------+----------+-------------------------------------------
     0 | D:1      | Morrissey the Minotaur Berserker began the quest for the
                  | Orb.
     0 | D:1      | Reached XP level 1. HP: 19/19 MP: 0/0
    68 | D:1      | Reached skill level 4 in Maces & Flails
   120 | D:1      | Reached XP level 2. HP: 27/27 MP: 1/1
   299 | D:1      | Reached ** piety under Trog
   301 | D:1      | Reached XP level 3. HP: 30/33 MP: 2/2
   714 | D:2      | Noticed Terence
   726 | D:2      | Killed Terence
   726 | D:2      | Reached skill level 5 in Maces & Flails
   726 | D:2      | Reached XP level 4. HP: 35/41 MP: 3/3
   768 | D:2      | Found a shimmering altar of Xom.
   768 | D:2      | Found a shimmering altar of Xom.
   769 | D:2      | Found a shimmering altar of Xom.
   771 | D:2      | Found a shimmering altar of Xom.
   772 | D:2      | Found a shimmering altar of Xom.
   772 | D:2      | Found a shimmering altar of Xom.
   773 | D:2      | Found a shimmering altar of Xom.
   773 | D:2      | Found a shimmering altar of Xom.
   774 | D:2      | Found a shimmering altar of Xom.
   779 | D:2      | Found a shimmering altar of Xom.
  1382 | D:3      | Found a faded altar of an unknown god.
  1895 | D:3      | Reached XP level 5. HP: 45/47 MP: 4/4
  2188 | D:4      | Reached *** piety under Trog
  2230 | D:4      | Reached skill level 6 in Maces & Flails
  2276 | D:4      | Reached skill level 5 in Fighting
  2276 | D:4      | Reached XP level 6. HP: 42/56 MP: 5/5
  2350 | D:4      | Found a radiant altar of Vehumet.
  2542 | D:4      | Found an opulent altar of Gozag.
  2620 | D:5      | Entered Level 5 of the Dungeon
  2626 | D:5      | Reached skill level 7 in Maces & Flails
  2743 | D:5      | Reached skill level 5 in Armour
  2743 | D:5      | Reached XP level 7. HP: 48/62 MP: 6/6
  2840 | D:5      | Reached skill level 8 in Maces & Flails
  3119 | D:5      | Reached XP level 8. HP: 41/71 MP: 7/7
  3301 | D:6      | Reached skill level 9 in Maces & Flails
  3339 | D:6      | Found a staircase to the Ecumenical Temple.
  3437 | D:6      | Reached **** piety under Trog
  3523 | D:6      | Found a snail-covered altar of Cheibriados.
  3523 | D:6      | Found a shattered altar of Ashenzari.
  3755 | D:7      | Found a white marble altar of Elyvilon.
  3831 | D:7      | Reached skill level 10 in Maces & Flails
  3852 | D:7      | Noticed a hippogriff
  3864 | D:7      | Killed a hippogriff
  3986 | D:7      | Reached XP level 9. HP: 75/80 MP: 8/8
  4327 | D:8      | Reached skill level 11 in Maces & Flails
  4466 | D:8      | Reached skill level 12 in Maces & Flails
  4553 | D:8      | Noticed Grum
  4571 | D:8      | Killed Grum
  4677 | D:8      | Reached XP level 10. HP: 84/90 MP: 9/9
  4702 | D:8      | Found a shadowy altar of Dithmenos.
  4979 | D:9      | Paralysed by a hornet for 1 turns
  4983 | D:9      | Reached ***** piety under Trog
  5046 | D:9      | Noticed Gastronok
  5057 | D:9      | Killed Gastronok
  5057 | D:9      | Reached skill level 10 in Fighting
  5057 | D:9      | Reached skill level 13 in Maces & Flails
  5057 | D:9      | Reached skill level 10 in Armour
  5311 | D:9      | Noticed a two-headed ogre
  5322 | D:9      | Killed a two-headed ogre
  5322 | D:9      | Reached skill level 14 in Maces & Flails
  5424 | D:9      | Received a gift from Trog
  5424 | D:9      | Reached XP level 11. HP: 100/100 MP: 10/10
  5483 | D:9      | Noticed a two-headed ogre
  5500 | D:9      | Killed a two-headed ogre
  5626 | D:10     | Entered Level 10 of the Dungeon
  5791 | D:10     | Got a slimy chain mail
  5802 | D:10     | Identified the +3 chain mail of Life {*Contam Int+3 SInv}
                  | (You found it on level 10 of the Dungeon)
  6031 | D:10     | Found a staircase to the Orcish Mines.
  6522 | D:11     | Noticed an eight-headed hydra
  6535 | D:11     | Killed an eight-headed hydra
  6536 | D:11     | Noticed an unseen horror
  6631 | D:11     | Killed an unseen horror
  6641 | D:11     | Found a staircase to the Lair.
  6874 | D:11     | Noticed a two-headed ogre
  6880 | D:11     | Killed a two-headed ogre
  6913 | D:11     | Noticed Sonja
  6928 | D:11     | Killed Sonja
  6930 | D:11     | HP: 4/156 [poisoned by Sonja]
  6931 | D:11     | Succumbed to Sonja's poison

Skill      XL: |  1  2  3  4  5  6  7  8  9 10 11 |
---------------+----------------------------------+-----
Maces & Flails | 4 5 6 7 8 10 12 14 | 14.1
Fighting       | 4 5 6 7 9 10 12 | 12.6
Armour         | 3 4 5 6 7 8 10 12 | 12.3
Dodging        | |  2.1

Action                   |  1- 3 |  4- 6 |  7- 9 | 10-12 || total
-------------------------+-------+-------+-------+-------++-------
Melee: Mace              |    59 |       |       |       ||    59
       Headbutt          |    16 |    18 |    50 |    66 ||   150
       Flail             |       |   126 |   228 |   280 ||   634
Invok: Berserk           |     1 |       |     3 |     4 ||     8
       Trog's Hand       |       |       |     1 |     2 ||     3
  Use: Potion            |       |       |       |     5 ||     5
 Stab: Sleeping          |       |     1 |       |       ||     1
  Eat: Chunk             |       |     7 |     9 |    10 ||    26
       Ration            |       |       |       |     1 ||     1
Armor: Animal skin       |     2 |       |       |       ||     2
       Leather armour    |    10 |    26 |    15 |       ||    51
       Plate armour      |       |       |   114 |    93 ||   207
       Chain mail        |       |       |       |    73 ||    73
Dodge: Dodged            |    34 |    64 |    68 |   114 ||   280
